 Dungeon Crawl Stone Soup version 0.24.0-5-g267a8d59f4 (webtiles) character file.

Game seed: 8724484706003330682, levelgen mode: classic

301 EnegeticOcto the Sneak (level 6, -1/28 HPs)
             Began as a Felid Summoner on Nov 1, 2019.
             Slain by a slave (3 damage)
             ... led by Pikel
             ... on level 5 of the Dungeon.
             The game lasted 00:09:51 (7437 turns).

EnegeticOcto the Sneak (Felid Summoner)             Turns: 7437, Time: 00:09:51

Health: -1/28      AC:  2    Str:  4    XL:     6   Next: 14%
Magic:  3/11       EV: 20    Int: 19    God:
Gold:   297        SH:  0    Dex: 16    Spells: 0/10 levels left
                                        Lives:  0   Deaths: 1

rFire    . . .     SeeInvis +     - Unarmed
rCold    . . .     Gourm    .   (shield unavailable)
rNeg     . . .     Faith    .   (armour unavailable)
rPois    .         Spirit   .   (helmet unavailable)
rElec    .         Reflect  .   (cloak unavailable)
rCorr    .         Harm     .   (gloves unavailable)
MR       .....                  (boots unavailable)
Stlth    +++.......             (no amulet)
HPRegen  0.09/turn              (no ring)
MPRegen  0.12/turn              (no ring)

@: very slightly contaminated, quick
A: very small, no armour, no weapons or thrown items, stealth, claws 1, fangs 3,
see invisible, carnivore, speed 1, shaggy fur 2, slow metabolism 1, sharp paws
a: no special abilities


You were on level 5 of the Dungeon.
You were not hungry.

You visited 1 branch of the dungeon, and saw 5 of its levels.

You collected 297 gold pieces.

Inventory:

Wands
 c - a wand of enslavement (13)
Scrolls
 f - a scroll of random uselessness {unknown}
 g - a scroll of immolation
 h - a scroll of remove curse {@r2}
 i - a scroll of enchant weapon {unknown}
 l - 3 scrolls of magic mapping {@r5 !r}
 o - a scroll of fog {unknown}
 r - a scroll of noise {unknown}
Potions
 a - 2 potions of magic
 b - a potion of heal wounds {unknown}
 d - a potion of mutation {unknown}
 j - a potion of brilliance {unknown}
 m - a potion of invisibility {unknown}
 n - a potion of curing {@q1 !q}
 p - a potion of lignification {unknown}
 q - 2 potions of flight
Comestibles
 e - 12 rations


   Skills:
 + Level 3.0 Fighting
 + Level 5.1 Dodging
 + Level 5.4 Stealth
 - Level 1.8 Unarmed Combat
 + Level 2.9 Spellcasting
 + Level 5.0 Summonings
 + Level 1.0 Air Magic


You couldn't memorise any spells.
You knew the following spells:

 Your Spells              Type           Power        Failure   Level  Hunger
a - Summon Small Mammal   Summ           ###.         1%          1    None
b - Call Imp              Summ           ###.....     3%          2    ##.....
c - Call Canine Familiar  Summ           ###.....     6%          3    ###....
d - Summon Lightning Spi  Summ/Air       ##......     41%         4    ####...

Your spell library contained the following spells:

 Spells                   Type           Power        Failure   Level  Hunger
 Summon Guardian Golem    Hex/Summ       ##......     16%         3    ###....
 Summon Ice Beast         Ice/Summ       ##......     47%         4    ####...


Dungeon Overview and Level Annotations

Branches:
Dungeon (5/15)
 Temple: D:4-7

Altars:
Fedhas
Kikubaaqudgha
Makhleb
Qazlal
Vehumet

Annotations:
D:4 exclusion: phantom
D:5 2 runed translucent doors, Aelig's ghost, novice NaVM; Pikel


Innate Abilities, Weirdness & Mutations

You cannot wear armour.
You are incapable of wielding weapons or throwing items.
Your paws allow you to move quietly. (Stealth)
You have sharp claws.
You have razor-sharp teeth.
You have supernaturally acute eyesight. (SInv)
You are carnivorous and can eat meat at any time.
You cover ground quickly.
You are covered in thick fur. (AC +2)
You have a slow metabolism.
Your sharp claws are effective at attacking unaware monsters.


Message History

a +0 robe; a +0 dagger
Things that are here:
a +0 dagger; a +0 club You see here the felid skeleton of EnegeticOcto.
You see here a +3 vampiric short sword.
A slave comes into view.
A slave is nearby!
A slave is nearby!
Casting: Call Imp (safe; 3% risk of failure)
Confirm with . or Enter, or press ? or * to list all spells.
Casting: Call Canine Familiar (safe; 6% risk of failure)
Confirm with . or Enter, or press ? or * to list all spells.
Aiming: Summon Lightning Spire (quite dangerous; 41% risk of failure)
Press: ? - help, Dir - move target cursor You miscast Summon Lightning Spire.
You are very lightly contaminated with residual magic.
Your hair stands on end.
Casting: Summon Lightning Spire (quite dangerous; 41% risk of failure)
Confirm with . or Enter, or press ? or * to list all spells.
Aiming: Summon Lightning Spire (quite dangerous; 41% risk of failure)
Press: ? - help, Dir - move target cursor You miscast Summon Lightning Spire.
You feel a strange surge of energy!
Casting: Summon Lightning Spire (quite dangerous; 41% risk of failure)
Confirm with . or Enter, or press ? or * to list all spells.
You don't have enough magic to cast that spell.
You swap places.
You start resting.
Your hound disappears in a puff of smoke!
Your magical contamination has completely faded away.
Casting: Summon Lightning Spire (quite dangerous; 41% risk of failure)
Confirm with . or Enter, or press ? or * to list all spells.
Aiming: Summon Lightning Spire (quite dangerous; 41% risk of failure)
Press: ? - help, Dir - move target cursor You miscast Summon Lightning Spire.
You are very lightly contaminated with residual magic.
Electricity courses through your body.
Casting: Summon Lightning Spire (quite dangerous; 41% risk of failure)
Confirm with . or Enter, or press ? or * to list all spells.
Aiming: Summon Lightning Spire (quite dangerous; 41% risk of failure)
Press: ? - help, Dir - move target cursor An electric hum fills the air.
What are your orders? t - Meow!
Orders for allies: a - Attack new target. r - Retreat! s - Stop attacking. g - Guard the area. f - Follow me.
Anything else - Cancel.
Gang up on whom?
Press: ? - help, Dir - move target cursor, f - slave
Aim: a slave Attack!
Your lightning spire shoots out a bolt of lightning at the slave!
The bolt of electricity hits the slave!
The slave hits your lightning spire. What are your orders? t - Meow!
Orders for allies: a - Attack new target. p - Attack previous target. r - Retreat! s - Stop attacking. g - Guard the area. f - Follow me.
Anything else - Cancel.
Gang up on whom?
Press: ? - help, Dir - move target cursor, f - Pikel, p - slave
Aim: Pikel, wielding a +2 whip of freezing and wearing a +0 robe (lightly wounded) Attack!
The slave hits your lightning spire but does no damage.
Your lightning spire shoots out a bolt of lightning at Pikel!
The bolt of electricity hits the slave!
The bolt of electricity hits Pikel.
The slave hits your lightning spire. The slave hits your lightning spire.
Your lightning spire is destroyed!
You scratch the slave but do no damage.
The slave is severely wounded.
The slave misses you.
You scratch the slave.
The slave is severely wounded.
The slave barely misses you.
You barely miss the slave.
The slave is severely wounded.
The slave completely misses you.
You scratch the slave but do no damage.
The slave is severely wounded.
The slave closely misses you.
You scratch the slave but do no damage.
The slave is severely wounded.
The slave closely misses you.
You closely miss the slave. You bite the slave, but do no damage.
The slave is severely wounded.
The slave hits you!
You scratch the slave.
The slave is almost dead.
The slave hits you!
* * * LOW HITPOINT WARNING * * *
You scratch the slave.
The slave is almost dead.
The slave misses you.
You scratch the slave.
The slave is almost dead.
The slave hits you.
You die...

###...........#######
...............รท....#
###.....###########)#
# ###.### #.# # #.#
#.# # #.# #.# ## #>#
##.## .####.#
#####)#.### ......#
#Kp@.###..# .######
#.###(#.#.# ##
#.####.##.# #
#p.....##.# #
#.#######.# # #.# #.#
# #K# #.# #.#######.#
#.........#


You could see Pikel and a slave.

Vanquished Creatures
  A scorpion (D:5)
  A hound (D:5)
  An orc priest (D:5)
  A bullfrog skeleton (D:4)
  An orc wizard (D:5)
  A worker ant (D:4)
  3 adders
  An ooze (D:5)
  2 leopard geckos (D:3)
  6 orcs
  4 bats
  4 giant cockroaches
  4 goblins
  4 hobgoblins
  A kobold (D:1)
  2 quokkas
  2 jackal skeletons (D:4)
  A quokka skeleton (D:5)
  5 rats (D:2)
45 creatures vanquished.

Vanquished Creatures (collateral kills)
  Menkaure (D:5)
  A phantom (D:5)
  An ogre (D:3)
  A scorpion (D:5)
  A crimson imp (D:5)
  A hound (D:5)
  An orc priest (D:5)
  A centaur skeleton (D:4)
  3 worker ants (D:4)
  3 adders
  An ooze (D:2)
  A worm (D:3)
  A leopard gecko (D:2)
  6 orcs
  A goblin (D:1)
  3 hobgoblins
  3 kobolds
  A quokka (D:2)
  A rat (D:1)
32 creatures vanquished.

Vanquished Creatures (others)
  A human (D:5)
1 creature vanquished.

Grand Total: 78 creatures vanquished

Notes
Turn   | Place    | Note
-------+----------+-------------------------------------------
     0 | D:1      | EnegeticOcto the Felid Summoner began the quest for the
                  | Orb.
     0 | D:1      | Reached XP level 1. HP: 7/7 MP: 4/4
   853 | D:1      | Reached XP level 2. HP: 12/12 MP: 6/6
  1294 | D:2      | Found a blossoming altar of Fedhas.
  1337 | D:1      | Learned a level 2 spell: Call Imp
  1718 | D:2      | Reached skill level 1 in Unarmed Combat
  1881 | D:2      | Reached skill level 1 in Fighting
  2232 | D:2      | Reached XP level 3. HP: 14/15 MP: 7/7
  2863 | D:3      | Noticed an ogre
  2884 | D:3      | Killed an ogre
  2884 | D:3      | Reached XP level 4. HP: 17/19 MP: 3/8
  3788 | D:3      | Found a stormy altar of Qazlal.
  3795 | D:3      | Found a burning altar of Makhleb.
  3882 | D:3      | Learned a level 3 spell: Call Canine Familiar
  3994 | D:4      | Noticed a phantom
  4029 | D:4      | Reached XP level 5. HP: 22/22 MP: 5/9
  4245 | D:4      | Found a radiant altar of Vehumet.
  5118 | D:5      | Entered Level 5 of the Dungeon
  5118 | D:5      | Noticed a phantom
  5150 | D:5      | Found a large runed translucent door.
  5150 | D:5      | Found a large runed translucent door.
  5150 | D:5      | Noticed Aelig's ghost (novice NaVM)
  5464 | D:5      | Gained mutation: You are covered in thick fur. (AC +2)
                  | [Felid growth]
  5464 | D:5      | Reached XP level 6. HP: 20/27 MP: 4/10
  5730 | D:5      | Reached skill level 5 in Stealth
  5743 | D:5      | Learned a level 4 spell: Summon Lightning Spire
  5945 | D:5      | Found an ancient bone altar of Kikubaaqudgha.
  6272 | D:5      | Noticed a human
  6274 | D:5      | Killed a human
  6468 | D:5      | Noticed Menkaure
  6703 | D:5      | Killed Menkaure
  6703 | D:5      | Reached skill level 5 in Dodging
  6834 | D:5      | Reached skill level 5 in Summonings
  7045 | D:5      | HP: 1/27 [hound (4)]
  7045 | D:5      | Slain by a crimson imp
  7046 | D:5      | Reached XP level 5. HP: 0/24 MP: 10/10
  7102 | D:5      | Reached skill level 1 in Air Magic
  7102 | D:5      | Reached XP level 6. HP: 13/28 MP: 3/11
  7333 | D:5      | Noticed a slave
  7408 | D:5      | Noticed Pikel
  7437 | D:5      | Slain by a slave

Levels and vault maps discovered:
D:1:      mrwooster_arrival_statue_2, layout_loops_ring
D:2:      layout_loops_ring, old_standard_altar, first_ration,
          grunt_ministairs_14, nrook_campfire, nrook_uturn, minmay_cut_off
D:3:      layout_rooms, amethyst_overflow_temple_binary, corexii_hall_statues_x
D:4:      layout_cave_pods, fiery_altar_vehumet
D:5:      layout_loops_ring, ebering_ghost_disaster_area, tgw_kikubaaqudgha,
          uniq_menkaure, uniq_pikel

Skill      XL: |  1  2  3  4  5  6 |
---------------+-------------------+-----
Dodging        | 3 4 5 |  5.1
Stealth        | 3 4 5 |  5.4
Unarmed Combat | 1 |  1.8
Fighting       | 1 3 |  3.0
Summonings     | 5 |  5.0
Air Magic      | 1 |  1.0
Spellcasting   | |  2.9

Action                   |  1- 3 |  4- 6 || total
-------------------------+-------+-------++-------
Melee: Unarmed           |   139 |   244 ||   383
       Bite              |     6 |    22 ||    28
       Punch             |       |     2 ||     2
 Cast: Summon Small Mamm |     9 |       ||     9
       Call Imp          |    14 |    41 ||    55
       Call Canine Famil |       |    12 ||    12
       Summon Lightning  |       |     1 ||     1
  Use: Scroll            |     2 |     7 ||     9
       Potion            |       |     2 ||     2
 Stab: Sleeping          |     5 |     7 ||    12
       Distracted        |       |     2 ||     2
  Eat: Chunk             |    12 |    14 ||    26
Armor: Skin              |    10 |    10 ||    20
Dodge: Dodged            |   155 |   219 ||   374
